SA
ATHLETIC CLUB KC U-24 @ ROCKY MOUNTAIN VIBES
07/03/2035
 
TOP OF THE 1ST
Athletic Club KC U-24 batting - Pitching for Rocky Mountain Vibes : RHP Neil Young
Pitching: RHP Neil Young
Batting: RHB Woody Thomas 0-0: Called Strike
0-1: DOUBLE (Groundball, 3L)
Batting: LHB Armando Romero 0-0: Fly out, F8 (Flyball, 8LM)
Batting: RHB John Ricks 0-0: Called Strike
0-1: Swinging Strike
0-2: Ball
1-2: Foul Ball, location: 2F
1-2: Ball
2-2: Ball
3-2: Foul Ball, location: 2F
3-2: SINGLE (Groundball, 6MD)
Woody Thomas to third
Throwing error, E8
Woody Thomas scores
John Ricks to second
Batting: RHB Donald Guegan 0-0: Ball
1-0: Called Strike
1-1: Fly out, F8 (Flyball, 89XD)
Runner from 2nd tags up, SAFE at 3rd, no throw
Batting: RHB Rodrigo Sousa 0-0: Ball
1-0: Ball
2-0: Called Strike
2-1: Ball
3-1: Base on Balls
Batting: RHB Rafael Cortéz 0-0: Ball
1-0: Foul Ball, location: 2F
1-1: Swinging Strike
1-2: Strikes out swinging
Top of the 1st over - 1 run, 2 hits, 1 error, 2 left on base; Athletic Club KC 1 - Rocky Mountain 0
BOTTOM OF THE 1ST
Rocky Mountain Vibes batting - Pitching for Athletic Club KC U-24 : RHP José Valle
Pitching: RHP José Valle
Batting: RHB Christian Rose 0-0: Ball
1-0: Ball
2-0: Ball
3-0: Called Strike
3-1: Base on Balls
Batting: LHB Q' Drennan 0-0: Ball
1-0: Called Strike
1-1: Ball
2-1: Ball
3-1: Base on Balls
Christian Rose to second
Batting: SHB Ken Paige 0-0: Ball
1-0: Ball
2-0: Ball
3-0: SINGLE (Line Drive, 34D)
Christian Rose to third
Q' Drennan to second
Runner from 3rd tries for Home, SAFE, no throw
Batting: RHB Vesa Karpinen 0-0: Called Strike
0-1: Ball
1-1: Foul Ball, location: 2F
1-2: Strikes out swinging
Batting: RHB Eric Landry 0-0: DOUBLE (Line Drive, 7LS)
Q' Drennan scores
Ken Paige to third
Batting: SHB Chien-shih Dun 0-0: Fly out, F3 (Line Drive, 34)
Batting: RHB Tomás Martí 0-0: Called Strike
0-1: Fly out, F8 (Flyball, 8LXD)
Bottom of the 1st over - 2 runs, 2 hits, 0 errors, 2 left on base; Athletic Club KC 1 - Rocky Mountain 2
TOP OF THE 2ND
Athletic Club KC U-24 batting - Pitching for Rocky Mountain Vibes : RHP Neil Young
Batting: RHB Elias Klomp 0-0: Ball
1-0: Called Strike
1-1: Ball
2-1: Foul Ball, location: 2F
2-2: Foul Ball, location: 2F
2-2: Foul Ball, location: 2F
2-2: Ground out 6-3 (Groundball, 56)
Batting: RHB Miguel Gómez 0-0: Ground out 5-3 (Groundball, 5)
Batting: SHB Josh Moxon 0-0: Ball
1-0: Called Strike
1-1: Ball
2-1: Foul Ball, location: 2F
2-2: Strikes out swinging
Top of the 2nd over - 0 runs, 0 hits, 0 errors, 0 left on base; Athletic Club KC 1 - Rocky Mountain 2
BOTTOM OF THE 2ND
Rocky Mountain Vibes batting - Pitching for Athletic Club KC U-24 : RHP José Valle
Batting: RHB José Ayala 0-0: Swinging Strike
0-1: Ground out 5-3 (Groundball, 56)
Batting: RHB Sean Wallace 0-0: Ball
1-0: Called Strike
1-1: Swinging Strike
1-2: Strikes out swinging
Batting: RHB Christian Rose 0-0: Called Strike
0-1: Foul Ball, location: 2F
0-2: Fly out, F8 (Flyball, 8RD)
Bottom of the 2nd over - 0 runs, 0 hits, 0 errors, 0 left on base; Athletic Club KC 1 - Rocky Mountain 2
TOP OF THE 3RD
Athletic Club KC U-24 batting - Pitching for Rocky Mountain Vibes : RHP Neil Young
Batting: RHB Woody Thomas 0-0: Foul Ball, location: 2F
0-1: SOLO HOME RUN (Flyball, 7D), Distance : 395 ft
Batting: LHB Armando Romero 0-0: Foul Ball, location: 2F
0-1: Ball
1-1: Swinging Strike
1-2: Ball
2-2: SINGLE (Groundball, 4D)
Batting: RHB John Ricks 0-0: Called Strike
0-1: Called Strike
0-2: Strikes out swinging
Batting: RHB Donald Guegan 0-0: SINGLE (Groundball, 56D)
Armando Romero to second
Batting: RHB Rodrigo Sousa 0-0: Ball
1-0: Ball
2-0: Called Strike
2-1: Grounds into double play, 6-4-3 (Groundball, 6)
Top of the 3rd over - 1 run, 3 hits, 0 errors, 1 left on base; Athletic Club KC 2 - Rocky Mountain 2
BOTTOM OF THE 3RD
Rocky Mountain Vibes batting - Pitching for Athletic Club KC U-24 : RHP José Valle
Batting: LHB Q' Drennan 0-0: Ball
1-0: Fly out, F8 (Flyball, 8RM)
Batting: SHB Ken Paige 0-0: Called Strike
0-1: Called Strike
0-2: Foul Ball, location: 2F
0-2: Ball
1-2: Foul Ball, location: 2F
1-2: Ball
2-2: Fly out, F5 (Popup, 5SF)
Batting: RHB Vesa Karpinen 0-0: Called Strike
0-1: Ball
1-1: Called Strike
1-2: Foul Ball, location: 2F
1-2: Strikes out swinging
Bottom of the 3rd over - 0 runs, 0 hits, 0 errors, 0 left on base; Athletic Club KC 2 - Rocky Mountain 2
TOP OF THE 4TH
Athletic Club KC U-24 batting - Pitching for Rocky Mountain Vibes : RHP Neil Young
Batting: RHB Rafael Cortéz 0-0: Fly out, F5 (Line Drive, 56)
Batting: RHB Elias Klomp 0-0: Ball
1-0: Called Strike
1-1: Called Strike
1-2: Strikes out swinging
Batting: RHB Miguel Gómez 0-0: Called Strike
0-1: Foul Ball, location: 2F
0-2: Ball
1-2: Strikes out swinging
Top of the 4th over - 0 runs, 0 hits, 0 errors, 0 left on base; Athletic Club KC 2 - Rocky Mountain 2
BOTTOM OF THE 4TH
Rocky Mountain Vibes batting - Pitching for Athletic Club KC U-24 : RHP José Valle
Batting: RHB Eric Landry 0-0: Called Strike
0-1: Ground out 6-3 (Groundball, 6M)
Batting: SHB Chien-shih Dun 0-0: Fly out, F5 (Popup, 5S)
Batting: RHB Tomás Martí 0-0: DOUBLE (Line Drive, 9)
Batting: RHB José Ayala 0-0: Ball
1-0: SINGLE (Line Drive, 8RS)
Tomás Martí to third
Throwing error, E8
Tomás Martí scores
José Ayala to second
Batting: RHB Sean Wallace 0-0: Swinging Strike
0-1: Swinging Strike
0-2: Ball
1-2: Foul Ball, location: 2F
1-2: Ball
2-2: Foul Ball, location: 2F
2-2: Foul Ball, location: 2F
2-2: Ball
3-2: DOUBLE (Line Drive, 78M)
José Ayala scores
Batting: RHB Christian Rose 0-0: Ball
1-0: Ball
2-0: 2-RUN HOME RUN (Flyball, 7LD), Distance : 358 ft
Batting: LHB Q' Drennan 0-0: Ball
1-0: Ball
2-0: Called Strike
2-1: Ground out 4-3 (Groundball, 34D)
Bottom of the 4th over - 4 runs, 4 hits, 1 error, 0 left on base; Athletic Club KC 2 - Rocky Mountain 6
TOP OF THE 5TH
Athletic Club KC U-24 batting - Pitching for Rocky Mountain Vibes : RHP Neil Young
Batting: SHB Josh Moxon 0-0: Ball
1-0: Foul Ball, location: 2F
1-1: Called Strike
1-2: Strikes out swinging
Batting: RHB Woody Thomas 0-0: Called Strike
0-1: SINGLE (Line Drive, 8RS)
Batting: LHB Armando Romero 0-0: Called Strike
0-1: Ball
1-1: Ball
2-1: Grounds out, U3 (Groundball, 3L)
Batting: RHB John Ricks 0-0: Ball
1-0: Called Strike
1-1: Swinging Strike
1-2: Fly out, F9 (Line Drive, 9)
Top of the 5th over - 0 runs, 1 hit, 0 errors, 1 left on base; Athletic Club KC 2 - Rocky Mountain 6
BOTTOM OF THE 5TH
Rocky Mountain Vibes batting - Pitching for Athletic Club KC U-24 : RHP José Valle
Batting: SHB Ken Paige 0-0: Ball
1-0: Ground out 4-3 (Groundball, 4)
Batting: RHB Vesa Karpinen 0-0: Called Strike
0-1: Foul Ball, location: 2F
0-2: Ball
1-2: Strikes out swinging
Batting: RHB Eric Landry 0-0: Ball
1-0: Foul Ball, location: 2F
1-1: Ball
2-1: Called Strike
2-2: Ball
3-2: Fly out, F8 (Flyball, 8RD)
Bottom of the 5th over - 0 runs, 0 hits, 0 errors, 0 left on base; Athletic Club KC 2 - Rocky Mountain 6
TOP OF THE 6TH
Athletic Club KC U-24 batting - Pitching for Rocky Mountain Vibes : RHP Neil Young
Batting: RHB Donald Guegan 0-0: Swinging Strike
0-1: Ball
1-1: Ball
2-1: Swinging Strike
2-2: Strikes out swinging
Batting: RHB Rodrigo Sousa 0-0: Called Strike
0-1: Ground out 6-3 (Groundball, 6MD)
Batting: RHB Rafael Cortéz 0-0: Called Strike
0-1: Foul Ball, location: 2F
0-2: Hit by Pitch
Batting: RHB Elias Klomp 0-0: Ball
1-0: Ball
2-0: Called Strike
2-1: Fly out, F7 (Flyball, 7)
Top of the 6th over - 0 runs, 0 hits, 0 errors, 1 left on base; Athletic Club KC 2 - Rocky Mountain 6
BOTTOM OF THE 6TH
Rocky Mountain Vibes batting - Pitching for Athletic Club KC U-24 : RHP José Valle
Pitching: RHP Vaughan Jones
Batting: SHB Chien-shih Dun 0-0: Called Strike
0-1: Called Strike
0-2: Foul Ball, location: 2F
0-2: Strikes out swinging
Batting: RHB Tomás Martí 0-0: Called Strike
0-1: Ball
1-1: Called Strike
1-2: Ball
2-2: Fly out, F7 (Flyball, 7S)
Batting: RHB José Ayala 0-0: Fly out, F8 (Flyball, 8LM)
Bottom of the 6th over - 0 runs, 0 hits, 0 errors, 0 left on base; Athletic Club KC 2 - Rocky Mountain 6
TOP OF THE 7TH
Athletic Club KC U-24 batting - Pitching for Rocky Mountain Vibes : RHP Neil Young
Batting: RHB Miguel Gómez 0-0: Called Strike
0-1: Foul Ball, location: 2F
0-2: Ball
1-2: Strikes out looking
Batting: SHB Josh Moxon 0-0: Fly out, F8 (Flyball, 78D)
Batting: RHB Woody Thomas 0-0: Ball
1-0: Ground out 5-3 (Groundball, 5L)
Top of the 7th over - 0 runs, 0 hits, 0 errors, 0 left on base; Athletic Club KC 2 - Rocky Mountain 6
BOTTOM OF THE 7TH
Rocky Mountain Vibes batting - Pitching for Athletic Club KC U-24 : RHP Vaughan Jones
Batting: RHB Sean Wallace 0-0: Ball
1-0: Called Strike
1-1: Ground out 6-3 (Groundball, 6)
Batting: RHB Christian Rose 0-0: Ball
1-0: Ball
2-0: Fly out, F7 (Line Drive, 7D)
Batting: LHB Q' Drennan 0-0: Ball
1-0: Ball
2-0: Ball
3-0: Base on Balls
Batting: SHB Ken Paige 0-0: Ball
1-0: Ball
2-0: Fly out, F9 (Flyball, 9S)
Bottom of the 7th over - 0 runs, 0 hits, 0 errors, 1 left on base; Athletic Club KC 2 - Rocky Mountain 6
TOP OF THE 8TH
Athletic Club KC U-24 batting - Pitching for Rocky Mountain Vibes : RHP Neil Young
Batting: LHB Armando Romero 0-0: Ball
1-0: SINGLE (Groundball, 56D)
Batting: RHB John Ricks 0-0: Called Strike
0-1: Foul Ball, location: 2F
0-2: Strikes out swinging
Batting: RHB Donald Guegan 0-0: Ball
1-0: Ball
2-0: Foul Ball, location: 2F
2-1: Grounds into double play, 5-4-3 (Groundball, 56)
Top of the 8th over - 0 runs, 1 hit, 0 errors, 0 left on base; Athletic Club KC 2 - Rocky Mountain 6
BOTTOM OF THE 8TH
Rocky Mountain Vibes batting - Pitching for Athletic Club KC U-24 : RHP Vaughan Jones
Batting: RHB Vesa Karpinen 0-0: Called Strike
0-1: Ball
1-1: Ball
2-1: Foul Ball, location: 2F
2-2: Fly out, F4 (Flyball, 4D)
Batting: RHB Eric Landry 0-0: Ball
1-0: SINGLE (Groundball, 4MD)
Batting: SHB Chien-shih Dun 0-0: Ball
1-0: Fly out, F9 (Flyball, 9LS)
Batting: RHB Tomás Martí 0-0: SINGLE (Line Drive, 4MD)
Eric Landry to second
Batting: RHB José Ayala 0-0: Foul Ball, location: 2F
0-1: Fielders Choice at 2nd, 6-4 (Groundball, 6)
Bottom of the 8th over - 0 runs, 2 hits, 0 errors, 2 left on base; Athletic Club KC 2 - Rocky Mountain 6
TOP OF THE 9TH
Athletic Club KC U-24 batting - Pitching for Rocky Mountain Vibes : RHP Neil Young
Batting: RHB Rodrigo Sousa 0-0: Ball
1-0: Ball
2-0: Swinging Strike
2-1: Ground out 6-3 (Groundball, 6)
Batting: RHB Rafael Cortéz 0-0: Ground out 5-3 (Groundball, 56S)
Batting: RHB Elias Klomp 0-0: Called Strike
0-1: Ground out 6-3 (Groundball, 56)
Top of the 9th over - 0 runs, 0 hits, 0 errors, 0 left on base; Athletic Club KC 2 - Rocky Mountain 6
Friday, July 19th, 2019 - OOTP Baseball 20.5 Build 52